 Dungeon Crawl Stone Soup version 0.28-a0-793-g31680bbd8b (webtiles) character file.

Game seed: 9369283744541128808

19392 jasper the Transmogrifier (level 12, -16/97 HPs)
             Began as a Demonspawn Cinder Acolyte on Nov 4, 2021.
             Was an Initiate of Ignis.
             Demolished by a freezing wraith (19 damage)
             ... in an ice cave.
             The game lasted 00:20:12 (13779 turns).

jasper the Transmogrifier (DsCA)                   Turns: 13779, Time: 00:20:13

Health: -16/97     AC: 20    Str: 14    XL:     12   Next: 36%
Magic:  10/13      EV: 12    Int: 22    God:    Ignis [......]
Gold:   400        SH:  0    Dex:  8    Spells: 6/13 levels left

rFire   + . .      SeeInvis .     - Unarmed
rCold   . . .      Faith    .   (no shield)
rNeg    . . .      Spirit   .   e - +3 ring mail
rPois   .          Reflect  .   J - +1 helmet
rElec   .          Harm     .   u - +2 cloak {rCorr}
rCorr   +          Rampage  .   k - +2 pair of gloves
Will    .....                   (no boots)
Stlth   ++........              (no amulet)
HPRegen 0.26/turn               B - ring of Shadows {Umbra +Inv Stlth+}
MPRegen 0.13/turn               z - +4 ring of protection

@: about to teleport, slowed, wreathed by umbra, very slow
A: claws 1, powered by death 3, spiny 1, weakness stinger 2
a: Renounce Religion, Evoke Invisibility


You were in an ice cave.
You worshipped Ignis.
Ignis was noncommittal.
You visited 2 branches of the dungeon, and saw 16 of its levels.
You also visited: Ice Cave.

You collected 508 gold pieces.
You spent 108 gold pieces at shops.

Inventory:

Hand Weapons
 a - a +0 spear of venom
Missiles
 d - 212 stones (quivered)
 y - 6 throwing nets
 E - 3 curare-tipped darts
Armour
 b - a +0 robe
 e - a +3 ring mail (worn)
 f - a +0 ring mail
 g - the +0 leather armour of the Hunter {rF++ rN+ Str-4 Int+4}
   (You found it on level 2 of the Lair of Beasts)

   Str:       It affects your strength (-4).
   Int:       It affects your intelligence (+4).
   rF:        It greatly protects you from fire.
   rN:        It protects you from negative energy.
 h - a +0 scale mail
 k - a +2 pair of gloves (worn)
 m - a +1 cloak
 n - a scarf of repulsion
 q - a +0 buckler of cold resistance
 u - a +2 cloak of preservation (worn)
 G - a +1 pair of gloves
 J - a +1 helmet (worn)
Jewellery
 c - a ring of positive energy
 p - a ring of willpower
 t - a ring of protection from fire
 x - a ring of wizardry
 z - a +4 ring of protection (right hand)
 B - the ring of Shadows (left hand) {Umbra +Inv Stlth+}
   (You found it on level 8 of the Dungeon)

   [ring of stealth]

   It surrounds you with an aura of shadow, increasing your stealth and reducing
   the accuracy of all within it (including the wearer).
   +Inv:      It lets you turn invisible.
   Stlth:     It makes you more stealthy.
 I - a ring of flight
 K - a ring of magical power
Wands
 l - a wand of polymorph (1)
 H - a wand of flame (31)
Scrolls
 i - 2 scrolls of amnesia
 s - 2 scrolls of magic mapping
 v - a scroll of teleportation
 w - 2 scrolls of enchant weapon
Potions
 o - a potion of attraction
 r - a potion of invisibility
 A - a potion of berserk rage {unknown}
 C - a potion of flight {unknown}
 D - a potion of mutation {unknown}
 F - 2 potions of lignification {unknown}


   Skills:
 - Level 10.0 Fighting
 - Level 2.6 Polearms
 - Level 7.8 Dodging
 + Level 1.9 Shields
 - Level 10.0 Unarmed Combat
 - Level 1.0 Spellcasting
 - Level 4.0 Translocations
 - Level 10.2 Transmutations
 - Level 2.6 Fire Magic


You had 6 spell levels left.
You knew the following spells:

 Your Spells              Type           Power      Damage    Failure   Level
a - Blade Hands           Tmut           23%        N/A       13%         5
b - Blink                 Tloc           38%        N/A       9%          2

Your spell library contained the following spells:

 Spells                   Type           Power      Damage    Failure   Level
 Scorch                   Fire           24%        2d6       16%         2
 Gell's Gravitas          Tloc           19%        N/A       17%         3
 Lesser Beckoning         Tloc           19%        N/A       17%         3
 Teleport Other           Tloc           19%        N/A       17%         3
 Slow                     Hex            4%         N/A       30%         1
 Ensorcelled Hibernation  Hex/Ice        2%         N/A       43%         2
 Static Discharge         Conj/Air       1%         N/A       43%         2
 Confusing Touch          Hex            1%         N/A       67%         3
 Tukima's Dance           Hex            1%         N/A       67%         3
 Vampiric Draining        Necr           1%         2d6       67%         3
 Irradiate                Conj/Tmut      11%        3d17      71%         5
 Manifold Assault         Tloc           19%        N/A       85%         5
 Flame Wave               Conj/Fire      7%         3d4       87%         4
 Sticky Flame             Conj/Fire      7%         2d3       87%         4
 Dispel Undead            Necr           1%         3d6       97%         4
 Summon Forest            Summ/Tloc      5%         N/A       98%         5
 Eringya's Noxious Bog    Tmut/Pois      11%        N/A       99%         6
 Summon Cactus Giant      Summ           0%         N/A       100%        6
 Dragon Form              Tmut           23%        N/A       98%         7
 Summon Hydra             Summ           0%         N/A       100%        7


Dungeon Overview and Level Annotations

Branches:
Dungeon (14/15)            Temple (0/1) D:5            Lair (1/6) D:10
  IceCv (1/1)
    Orc: D:9-12      Vaults: D:13-14

Altars:
Cheibriados
Kikubaaqudgha
Ru

Shops:
D:4 ![*

Annotations:
IceCv exclusion: ice statue


Innate Abilities, Weirdness & Mutations

You have sharp fingernails.
You regenerate a lot of health from kills.
You are partially covered in sharp spines.
You have a tail ending in a sharp stinger.


Message History

The freezing wraith hits you but does no damage.
The ice devil hits you but does no damage.
You take 23 damage, and have 54/97 hp.
MASSIVE DAMAGE!!
You barely miss the ice devil.
Your tail-slap misses the ice devil.
The ice devil is severely wounded.
The freezing wraith hits you. The freezing wraith freezes you!!
The freezing wraith hits you.
* * * LOW HITPOINT WARNING * * *
The freezing wraith drains your vigour!
You feel yourself slow down.
You take 26 damage, and have 28/97 hp.
MASSIVE DAMAGE!!
You feel better. The ice devil is struck by your spines.
The ice devil misses you. The freezing wraith hits you.
The freezing wraith freezes you!
* * * LOW HITPOINT WARNING * * *
The freezing wraith closely misses you. The ice devil hits you.
* * * LOW HITPOINT WARNING * * *
The ice devil freezes you!!
* * * LOW HITPOINT WARNING * * *
You take 27 damage, and have 1/97 hp.
MASSIVE DAMAGE!!
Okay, then.
You feel better. The freezing wraith barely misses you.
The freezing wraith hits you.
* * * LOW HITPOINT WARNING * * *
The ice devil closely misses you. The freezing wraith closely misses you.
The freezing wraith completely misses you.
You regained 5 hp, and now have 6/97 hp.
The ice devil barely misses you.
Your claws revert to their normal proportions.
Your +2 pair of gloves unmelds from your body.
The freezing wraith misses you. The freezing wraith barely misses you.
Okay, then.
As you read the scroll of teleportation, it crumbles to dust.
You feel strangely unstable.
The freezing wraith hits you but does no damage.
The freezing wraith misses you.
The freezing wraith is struck by your spines.
The freezing wraith hits you.
* * * LOW HITPOINT WARNING * * *
The freezing wraith freezes you!!
You die...

#.####.....#..#
#...#...#.
##..##.....##..##
##.....##.
#...##.....###..#
##...###.
#.##.......###..##
######..
#..#........###..#
##..# ##..##.......#
#..## ##...#
#..####......# ##..#
##...## #.##
#......##
##.####...## #..#
##..8#@4## #..##...##
#..#
#.)###W.####..#..####
##.## #..# ##4.#
#......#§# #..#
######..## ##...#...#
##.## ##..###
######.☼# ##..#
#..##.## .☼..# #..##
#..#...## #§..##
##.## #..#..4.# #§°##
##..# ##...#........#


You could see 2 ice devils and a freezing wraith.

Vanquished Creatures
  4 two-headed ogres
  Pikel (D:4)
  A manticore (D:11)
  Maurice (D:10)
  A cyclops (D:11)
  2 cane toads (D:10)
  2 rime drakes (Lair:2)
  A komodo dragon (Lair:2)
  A freezing wraith (IceCv)
  A troll (D:11)
  7 ice devils (IceCv)
  Grinder (D:3)
  3 blink frogs
  A meliai zombie (D:11)
  Sigmund (D:2)
  2 wyverns
  20 yaks
  A dire elephant simulacrum (IceCv)
  A basilisk (Lair:1)
  6 vampire mosquitoes
  2 death yak simulacra (IceCv)
  Edmund (D:4)
  Menkaure (D:6)
  2 harpy simulacra (IceCv)
  7 water moccasins
  Pargi (D:4)
  An orc warrior (D:11)
  4 black bears
  3 ogres
  2 necrophages
  3 centaurs
  2 phantoms
  4 kobold brigands
  A gnoll sergeant (D:7)
  7 bullfrogs
  2 two-headed ogre simulacra (IceCv)
  4 scorpions
  3 cane toad simulacra (IceCv)
  2 wyvern skeletons (D:7)
  A water moccasin skeleton (D:7)
  14 killer bees
  2 elephant simulacra (IceCv)
  7 wights
  2 howler monkeys (D:10)
  4 centaur zombies
  4 hounds
  3 jellies
  An orc priest (D:8)
  A gnoll shaman (D:7)
  Crazy Yiuf (D:2)
  A centaur skeleton (D:7)
  6 iguanas
  4 orc wizards
  A troll simulacrum (IceCv)
  2 polar bear simulacra (IceCv)
  A spriggan simulacrum (IceCv)
  2 wolf simulacra (IceCv)
  A hound zombie (D:5)
  A howler monkey zombie (D:6)
  9 gnolls (D:7)
  2 adders (D:5)
  A naga simulacrum (IceCv)
  A shadow imp (D:8)
  2 white imps
  2 ufetubi
  22 orcs
  7 endoplasms
  5 goblins
  3 hobgoblins
  8 jackals
  19 kobolds
  3 quokkas
  2 ball pythons
  8 bats
  3 frilled lizards
  2 rats (D:1)
268 creatures vanquished.

Vanquished Creatures (others)
  182 foxfires
  38 fungi (D:10)
  44 plants
264 creatures vanquished.

Grand Total: 532 creatures vanquished

Notes
Turn   | Place    | Note
-------+----------+-------------------------------------------
     0 | D:1      | jasper the Demonspawn Cinder Acolyte began the quest for
                  | the Orb.
     0 | D:1      | Reached XP level 1. HP: 18/18 MP: 2/2
   511 | D:1      | Reached skill level 1 in Unarmed Combat
   542 | D:1      | Gained mutation: You regenerate a little health from kills.
                  | [demonic ancestry]
   542 | D:1      | Reached XP level 2. HP: 24/24 MP: 3/3
   903 | D:1      | Found a faded altar of an unknown god.
  1303 | D:2      | Found a snail-covered altar of Cheibriados.
  1516 | D:2      | Gained mutation: You regenerate health from kills. [demonic
                  | ancestry]
  1516 | D:2      | Reached XP level 3. HP: 26/29 MP: 4/4
  1573 | D:2      | Noticed Sigmund
  1576 | D:2      | Killed Sigmund
  1577 | D:2      | Reached XP level 4. HP: 31/37 MP: 5/5
  1577 | D:2      | Gained mutation: You regenerate a lot of health from kills.
                  | [demonic ancestry]
  1577 | D:2      | Reached XP level 5. HP: 35/42 MP: 6/6
  1724 | D:2      | Found a runed translucent door.
  1725 | D:2      | Noticed Crazy Yiuf
  2023 | D:2      | Killed Crazy Yiuf
  2234 | D:3      | Noticed Grinder
  2239 | D:3      | Killed Grinder
  2240 | D:3      | Reached skill level 5 in Fighting
  2240 | D:3      | Reached skill level 5 in Unarmed Combat
  2240 | D:3      | Reached XP level 6. HP: 31/51 MP: 7/7
  2248 | D:3      | Learned a level 5 spell: Blade Hands
  2624 | D:3      | Learned a level 2 spell: Blink
  3056 | D:4      | Noticed Edmund
  3061 | D:4      | Discovered your monstrous ancestry.
  3061 | D:4      | Gained mutation: You have sharp fingernails. [demonic
                  | ancestry]
  3061 | D:4      | Reached XP level 7. HP: 56/56 MP: 8/8
  3066 | D:4      | Killed Edmund
  3073 | D:4      | Noticed Pargi
  3092 | D:4      | Killed Pargi
  3216 | D:4      | Noticed Pikel
  3224 | D:4      | Killed Pikel
  3225 | D:4      | Gained mutation: You have a small tail. [demonic ancestry]
  3225 | D:4      | Reached XP level 8. HP: 65/65 MP: 9/9
  3354 | D:4      | Found Xyitel's Assorted Antiques.
  3359 | D:4      | Bought a green potion for 24 gold pieces
  3359 | D:4      | Bought a scroll labelled CIDU WEING for 27 gold pieces
  3359 | D:4      | Bought a scroll labelled WOGOXO COEGASM for 27 gold pieces
  3519 | D:4      | Found Gadd's Armour Shop.
  3601 | D:4      | Found Quhiduj's Distillery.
  3611 | D:4      | Bought a potion of curing for 30 gold pieces
  3855 | D:5      | Entered Level 5 of the Dungeon
  4363 | D:5      | Found a staircase to the Ecumenical Temple.
  4923 | D:6      | Reached XP level 9. HP: 72/72 MP: 10/10
  5106 | D:6      | Noticed Menkaure
  5112 | D:6      | Killed Menkaure
  5661 | D:7      | Found a sacrificial altar of Ru.
  5680 | D:7      | Found an ancient bone altar of Kikubaaqudgha.
  5815 | D:7      | Reached skill level 10 in Unarmed Combat
  6269 | D:8      | Reached skill level 10 in Fighting
  6269 | D:8      | Gained mutation: You have a tail ending in a sharp stinger.
                  | [demonic ancestry]
  6269 | D:8      | Reached XP level 10. HP: 52/85 MP: 11/11
  6289 | D:8      | Found the ring of Shadows {Umbra +Inv Stlth+}
  6338 | D:8      | Noticed a two-headed ogre
  6362 | D:8      | Killed a two-headed ogre
  6363 | D:8      | Reached skill level 1 in Dodging
  6363 | D:8      | Reached skill level 1 in Translocations
  6363 | D:8      | Reached skill level 1 in Transmutations
  6950 | D:9      | Noticed a two-headed ogre
  7817 | D:10     | Entered Level 10 of the Dungeon
  8010 | D:10     | Gained mutation: You are partially covered in sharp spines.
                  | [demonic ancestry]
  8010 | D:10     | Reached XP level 11. HP: 88/90 MP: 12/12
  8017 | D:10     | Reached skill level 5 in Dodging
  8021 | D:10     | Reached skill level 5 in Transmutations
  8041 | D:10     | Found a staircase to the Lair.
  8071 | D:10     | Noticed Maurice
  8551 | D:10     | Killed Maurice
  9253 | D:11     | Noticed a two-headed ogre
  9269 | D:11     | Killed a two-headed ogre
  9568 | D:11     | You fall into a shaft and drop 3 floors!
 10218 | D:11     | Noticed a two-headed ogre
 10227 | D:11     | Killed a two-headed ogre
 10880 | D:11     | Noticed a two-headed ogre
 10889 | D:11     | Killed a two-headed ogre
 11258 | Lair:1   | Entered Level 1 of the Lair of Beasts
 11888 | Lair:1   | You fall into a shaft and drop 1 floor!
 12054 | Lair:2   | Reached XP level 12. HP: 69/97 MP: 13/13
 12181 | Lair:2   | Found a frozen archway.
 12207 | Lair:2   | Identified the +0 leather armour of the Hunter {rF++ rN+
                  | Str-4 Int+4}
 12262 | IceCv    | Entered an ice cave
 13232 | IceCv    | Reached skill level 10 in Transmutations
 13496 | IceCv    | Found an ancient bone altar of Kikubaaqudgha.
 13559 | IceCv    | Reached skill level 1 in Shields
 13774 | IceCv    | HP: 1/97 [ice devil (21)]
 13779 | IceCv    | HP: 3/97 [freezing wraith (4)]
 13779 | IceCv    | Demolished by a freezing wraith

Illustrated notes

Levels and vault maps discovered:
D:1:      lightli_arrival_windingriver, layout_basic, basic_ecumenical_altar
D:2:      layout_basic, basic_altar, uniq_sigmund, uniq_crazy_yiuf_cottage
D:3:      layout_loops_cross, minmay_fountain_box, kennysheep_big_empty_room,
          st_stairs_14, grunt_ministairs_6, serial_bayou_lagoon_b, uniq_grinder
D:4:      layout_gridville, serial_shops, nicolae_stop_n_shop_2,
          nicolae_lakefront_shop, kennysheep_little_box, uniq_edmund,
          uniq_pikel, uniq_pargi
D:5:      layout_basic, temple_pool_b
D:6:      layout_gridville, uniq_menkaure
D:7:      layout_loops_ring, mainiacjoe_overflow_big_doors
D:8:      layout_cave_pools, hangedman_decor_slide_cut
D:9:      layout_cave_pools, zombieorc1_lemuel, minmay_mirror_moons_of_madness
D:10:     layout_basic, due_lair_maze_entry_diamond, uniq_maurice
D:11:     layout_grid_maze
D:12:     layout_roguey, serial_bayou_lake_a
D:13:     layout_loops_ring, minmay_the_grid_2x2 [minmay_the_grid_diamond_grid,
          minmay_the_grid_medium_cups, minmay_the_grid_gridbox,
          minmay_the_grid_prize_shrinking_boxes]
D:14:     layout_loops_ring, david_vaults_2, moated_statue
Lair:1:   layout_cave_shapes, basic_altar, serial_bayou_shore_a,
          grunt_megastairs_4, serial_bayou_shore_b
Lair:2:   layout_regular_city, portal_ice_cave_rime
IceCv:    ice_cave_small_necro

Skill      XL: |  1  2  3  4  5  6  7  8  9 10 11 12 |
---------------+-------------------------------------+-----
Unarmed Combat | 1 2 3 5 7 8 10 | 10.0
Fighting       | 4 5 6 7 10 | 10.0
Dodging        | 4 7 |  7.8
Translocations | 4 |  4.0
Transmutations | 4 8 10 | 10.2
Shields        | 1 |  1.9
Polearms       | |  2.6
Spellcasting   | |  1.0
Fire Magic     | |  2.6

Action                   |  1- 3 |  4- 6 |  7- 9 | 10-12 || total
-------------------------+-------+-------+-------+-------++-------
Melee: Spear             |    58 |       |       |       ||    58
       Unarmed           |    69 |    53 |   359 |   651 ||  1132
       Punch             |       |       |    11 |    23 ||    34
       Tailslap          |       |       |    23 |    77 ||   100
Throw: Stone             |       |       |     3 |       ||     3
 Cast: Blade Hands       |       |       |       |    11 ||    11
Invok: Foxfire Swarm     |     1 |     4 |     6 |       ||    11
Evoke: Wand              |       |       |       |    12 ||    12
  Use: Scroll            |       |     4 |     8 |     7 ||    19
       Potion            |       |       |       |    12 ||    12
Armor: Robe              |     8 |       |       |       ||     8
       Scale mail        |    33 |    16 |    22 |       ||    71
       Ring mail         |     2 |       |   183 |   330 ||   515
Dodge: Dodged            |    58 |    14 |   206 |   338 ||   616

Table legend: (Time is in decaauts)
 A = Elapsed time spent in this place.
 B = Non-inter-level travel time spent in this place.
 C = Inter-level travel time spent in this place.
 D = Time resting spent in this place.
 E = Time spent auto-exploring this place.
 F = Levels seen in this place.
 G = Mean time per level.
                   A        B        C        D        E       F      G
               +--------+--------+--------+--------+--------+-----+--------+
         Total |  13620 |  13309 |    311 |   3623 |   7133 |  17 |  801.2 |
       Dungeon |  11679 |  11368 |    311 |   2804 |   6461 |  14 |  834.2 |
          Lair |    438 |    438 |      0 |     34 |    206 |   2 |  219.0 |
      Ice Cave |   1503 |   1503 |      0 |    785 |    466 |   1 | 1503.0 |
               +--------+--------+--------+--------+--------+-----+--------+

Top non-repeatable levels by time:
    D:11: 2075 daAuts
    D:10: 1789 daAuts
   IceCv: 1503 daAuts
     D:8: 1332 daAuts
     D:2: 1070 daAuts
     D:5: 1021 daAuts
     D:1: 1009 daAuts
     D:3: 948 daAuts
     D:4: 837 daAuts
     D:7: 747 daAuts
     D:6: 558 daAuts
  Lair:2: 356 daAuts
     D:9: 221 daAuts
  Lair:1: 81 daAuts
    D:12: 51 daAuts
